3AA
MARQUETTE MINERS @ BETHESDA ATOMS
07/13/2041
 
TOP OF THE 1ST
Marquette Miners batting - Pitching for Bethesda Atoms : RHP Maks Rajnev
Pitching: RHP Maks Rajnev
Batting: LHB Leslie Small 0-0: Ball
1-0: Called Strike
1-1: Foul Ball, location: 2F
1-2: Foul Ball, location: 2F
1-2: Fly out, F7 (Line Drive, 7, EV 109.4 MPH)
Batting: RHB Tom Hendrickson 0-0: Ball
1-0: Foul Ball, location: 2F
1-1: Swinging Strike
1-2: Ground out 4-3 (Groundball, 4, EV 83.1 MPH)
Batting: LHB Wyatt Quick 0-0: Called Strike
0-1: Ball
1-1: Ball
2-1: Ball
3-1: Base on Balls
Batting: LHB Eric Manchester 0-0: Swinging Strike
0-1: Ball
1-1: Swinging Strike
1-2: SINGLE (Groundball, 6MD, EV 104.4 MPH)
Wyatt Quick to second
Batting: RHB Kiril Neuvel 0-0: Ball
1-0: Called Strike
1-1: Foul Ball, location: 2F
1-2: Fly out, F9 (Flyball, 9S, EV 86.9 MPH)
Top of the 1st over - 0 runs, 1 hit, 0 errors, 2 left on base; Marquette 0 - Bethesda 0
BOTTOM OF THE 1ST
Bethesda Atoms batting - Pitching for Marquette Miners : RHP Stu Riley
Pitching: RHP Stu Riley
Batting: RHB Jorge Gardella 0-0: Ball
1-0: Fly out, F9 (Flyball, 9LM, EV 103.1 MPH)
Batting: LHB Robby Caldwell 0-0: Ball
1-0: Called Strike
1-1: Swinging Strike
1-2: Ground out 4-3 (Groundball, 4M, EV 100.0 MPH)
Batting: RHB Byron Shadix 0-0: Called Strike
0-1: Foul Ball, location: 2F
0-2: Strikes out swinging
Bottom of the 1st over - 0 runs, 0 hits, 0 errors, 0 left on base; Marquette 0 - Bethesda 0
TOP OF THE 2ND
Marquette Miners batting - Pitching for Bethesda Atoms : RHP Maks Rajnev
Batting: RHB Martin Payton 0-0: Ball
1-0: Foul Ball, location: 2F
1-1: Ground out 2-3 (Groundball, 15S, EV 73.8 MPH)
Batting: RHB Eduard Argelander 0-0: Fly out, F9 (Line Drive, 9, EV 91.2 MPH)
Batting: RHB Kent Potter 0-0: Ball
1-0: Fly out, F4 (Popup, 13S, EV 92.5 MPH)
Top of the 2nd over - 0 runs, 0 hits, 0 errors, 0 left on base; Marquette 0 - Bethesda 0
BOTTOM OF THE 2ND
Bethesda Atoms batting - Pitching for Marquette Miners : RHP Stu Riley
Batting: RHB Dana O'Quinlevan 0-0: Swinging Strike
0-1: Fly out, F8 (Flyball, 8LD, EV 97.5 MPH)
Batting: LHB Mhelter Narcida 0-0: Called Strike
0-1: Ball
1-1: Foul Ball, location: 2F
1-2: Ball
2-2: Strikes out swinging
Batting: LHB Ayub Kuthakwakulu 0-0: Called Strike
0-1: Called Strike
0-2: Ball
1-2: Ball
2-2: Ball
3-2: Strikes out swinging, 2-3 out at first.
Bottom of the 2nd over - 0 runs, 0 hits, 0 errors, 0 left on base; Marquette 0 - Bethesda 0
TOP OF THE 3RD
Marquette Miners batting - Pitching for Bethesda Atoms : RHP Maks Rajnev
Batting: RHB Jesús Méndez 0-0: Called Strike
0-1: Ball
1-1: Ground out 5-3 (Groundball, 56, EV 83.1 MPH)
Batting: LHB Leslie Small 0-0: Called Strike
0-1: Called Strike
0-2: Strikes out swinging
Batting: RHB Tom Hendrickson 0-0: Ball
1-0: Ball
2-0: Foul Ball, location: 2F
2-1: Fly out, F7 (Flyball, 7S, EV 94.4 MPH)
Top of the 3rd over - 0 runs, 0 hits, 0 errors, 0 left on base; Marquette 0 - Bethesda 0
BOTTOM OF THE 3RD
Bethesda Atoms batting - Pitching for Marquette Miners : RHP Stu Riley
Batting: RHB Juan Vázquez 0-0: Called Strike
0-1: Called Strike
0-2: Strikes out swinging
Batting: RHB John Lester 0-0: Ball
1-0: Ball
2-0: Ball
3-0: Called Strike
3-1: DOUBLE (Flyball, 8RXD, EV 90.0 MPH)
Batting: SHB Mikk Tamm 0-0: Called Strike
0-1: Swinging Strike
0-2: Fly out, F9 (Flyball, 9S, EV 89.4 MPH)
Batting: RHB Jorge Gardella 0-0: Ball
1-0: Foul Ball, location: 2F
1-1: Swinging Strike
1-2: Ball
2-2: Ball
3-2: Base on Balls
Batting: LHB Robby Caldwell 0-0: Ball
1-0: Ground out U3 (Groundball, 34, EV 108.8 MPH)
Bottom of the 3rd over - 0 runs, 1 hit, 0 errors, 2 left on base; Marquette 0 - Bethesda 0
TOP OF THE 4TH
Marquette Miners batting - Pitching for Bethesda Atoms : RHP Maks Rajnev
Batting: LHB Wyatt Quick 0-0: Called Strike
0-1: Swinging Strike
0-2: Strikes out swinging
Batting: LHB Eric Manchester 0-0: Ball
1-0: Ball
2-0: Called Strike
2-1: Foul Ball, location: 2F
2-2: Strikes out swinging
Batting: RHB Kiril Neuvel 0-0: Ball
1-0: Ball
2-0: Ball
3-0: Called Strike
3-1: Ground out 5-3 (Groundball, 56S, EV 73.1 MPH)
Top of the 4th over - 0 runs, 0 hits, 0 errors, 0 left on base; Marquette 0 - Bethesda 0
BOTTOM OF THE 4TH
Bethesda Atoms batting - Pitching for Marquette Miners : RHP Stu Riley
Batting: RHB Byron Shadix 0-0: Called Strike
0-1: Swinging Strike
0-2: Ball
1-2: Fly out, F7 (Flyball, 7LDF, EV 106.9 MPH)
Batting: RHB Dana O'Quinlevan 0-0: SINGLE (Groundball, 56D, EV 105.6 MPH)
Batting: LHB Mhelter Narcida 0-0: Swinging Strike
0-1: Fly out, F3 (Line Drive, 3, EV 63.1 MPH)
Lined into DP, U3 (Line Drive, 3, EV 67.5 MPH)
Bottom of the 4th over - 0 runs, 1 hit, 0 errors, 0 left on base; Marquette 0 - Bethesda 0
TOP OF THE 5TH
Marquette Miners batting - Pitching for Bethesda Atoms : RHP Maks Rajnev
Batting: RHB Martin Payton 0-0: Swinging Strike
0-1: Ball
1-1: Called Strike
1-2: Ball
2-2: Ball
3-2: Strikes out swinging
Batting: RHB Eduard Argelander 0-0: Ball
1-0: Ball
2-0: Foul Ball, location: 2F
2-1: Ball
3-1: Foul Ball, location: 2F
3-2: Base on Balls
Batting: RHB Kent Potter 0-0: Ball
1-0: Called Strike
1-1: Foul Ball, location: 2F
1-2: Ball
2-2: Strikes out looking
Batting: RHB Jesús Méndez 0-0: Ball
Eduard Argelander is caught stealing 2nd base 2-4
Top of the 5th over - 0 runs, 0 hits, 0 errors, 0 left on base; Marquette 0 - Bethesda 0
BOTTOM OF THE 5TH
Bethesda Atoms batting - Pitching for Marquette Miners : RHP Stu Riley
Batting: LHB Ayub Kuthakwakulu 0-0: Ball
1-0: Ball
2-0: Called Strike
2-1: Foul Ball, location: 2F
2-2: Ball
3-2: SINGLE (Groundball, 34D, EV 95.0 MPH)
Batting: RHB Juan Vázquez 0-0: Ball
1-0: Called Strike
1-1: Ball
2-1: Fielders Choice at 2nd, 4-6 (Groundball, 4, EV 87.5 MPH)
Batting: RHB John Lester 0-0: Ball
Juan Vázquez steals 2nd base
1-0: Called Strike
1-1: Swinging Strike
1-2: Ball
2-2: Strikes out swinging
Batting: SHB Mikk Tamm 0-0: Ball
1-0: Swinging Strike
1-1: Ball
2-1: Ground out 5-3 (Groundball, 5S, EV 82.5 MPH)
Bottom of the 5th over - 0 runs, 1 hit, 0 errors, 1 left on base; Marquette 0 - Bethesda 0
TOP OF THE 6TH
Marquette Miners batting - Pitching for Bethesda Atoms : RHP Maks Rajnev
Batting: RHB Jesús Méndez 0-0: Ball
1-0: Foul Ball, location: 2F
1-1: Ball
2-1: Ball
3-1: Foul Ball, location: 2F
3-2: Base on Balls
Batting: LHB Leslie Small 0-0: Called Strike
Jesús Méndez steals 2nd base
0-1: Ball
1-1: Swinging Strike
1-2: Ball
2-2: Strikes out looking
Batting: RHB Tom Hendrickson 0-0: Called Strike
0-1: DOUBLE (Line Drive, 9LM, EV 97.5 MPH)
Jesús Méndez scores
Batting: LHB Wyatt Quick 0-0: Ball
1-0: Ball
Tom Hendrickson steals 3rd base
2-0: Called Strike
2-1: Foul Ball, location: 2F
2-2: Ball
3-2: Foul Ball, location: 2F
3-2: Fly out, F7 (Flyball, 7LM, EV 86.9 MPH)
Runner from 3rd tags up, SCORES, throw by LF
Batting: LHB Eric Manchester 0-0: Ball
1-0: Ball
2-0: Ground out 4-3 (Groundball, 4M, EV 82.5 MPH)
Top of the 6th over - 2 runs, 1 hit, 0 errors, 0 left on base; Marquette 2 - Bethesda 0
BOTTOM OF THE 6TH
Bethesda Atoms batting - Pitching for Marquette Miners : RHP Stu Riley
Batting: RHB Jorge Gardella 0-0: Called Strike
0-1: Foul Ball, location: 2F
0-2: Ball
1-2: Ball
2-2: Strikes out looking
Batting: LHB Robby Caldwell 0-0: Ball
1-0: Ground out 1-3 (Groundball, 23, EV 80.6 MPH)
Batting: RHB Byron Shadix 0-0: Called Strike
0-1: Ball
1-1: Called Strike
1-2: Strikes out swinging
Bottom of the 6th over - 0 runs, 0 hits, 0 errors, 0 left on base; Marquette 2 - Bethesda 0
TOP OF THE 7TH
Marquette Miners batting - Pitching for Bethesda Atoms : RHP Maks Rajnev
Batting: RHB Kiril Neuvel 0-0: Ball
1-0: Ball
2-0: Ground out 6-3 (Groundball, 6, EV 87.5 MPH)
Batting: RHB Martin Payton 0-0: Ball
1-0: Ball
2-0: Called Strike
2-1: SINGLE (Line Drive, 78S, EV 106.9 MPH)
Batting: RHB Eduard Argelander 0-0: Ball
1-0: Fielders Choice at 2nd, 3-6 (Groundball, 3, EV 83.8 MPH)
Batting: RHB Kent Potter 0-0: Called Strike
0-1: Ball
1-1: Foul Ball, location: 2F
1-2: Foul Ball, location: 2F
1-2: Ball
2-2: Strikes out swinging
Top of the 7th over - 0 runs, 1 hit, 0 errors, 1 left on base; Marquette 2 - Bethesda 0
BOTTOM OF THE 7TH
Bethesda Atoms batting - Pitching for Marquette Miners : RHP Stu Riley
Batting: RHB Dana O'Quinlevan 0-0: Ball
1-0: Swinging Strike
1-1: Ball
2-1: Ball
3-1: Swinging Strike
3-2: Strikes out swinging
Batting: LHB Mhelter Narcida 0-0: Ball
1-0: Called Strike
1-1: Ball
2-1: DOUBLE (Line Drive, 89D, EV 112.5 MPH)
Batting: LHB Ayub Kuthakwakulu 0-0: Called Strike
0-1: Fly out, F8 (Flyball, 8LM, EV 91.2 MPH)
Batting: RHB Juan Vázquez 0-0: Ball
1-0: Ball
2-0: SINGLE (Line Drive, 34D, EV 94.4 MPH)
Mhelter Narcida to third
Runner from 3rd tries for Home, SAFE, no throw by RF
Batting: RHB John Lester 0-0: Ball
1-0: Called Strike
1-1: SINGLE (Groundball, 6D, EV 99.4 MPH)
Juan Vázquez to second
Batting: SHB Mikk Tamm 0-0: Ball
Wild Pitch!
Juan Vázquez to third
John Lester to second
1-0: Ball
2-0: Swinging Strike
2-1: Foul Ball, location: 2F
2-2: Foul Ball, location: 2F
2-2: Strikes out swinging
Bottom of the 7th over - 1 run, 3 hits, 0 errors, 2 left on base; Marquette 2 - Bethesda 1
TOP OF THE 8TH
Marquette Miners batting - Pitching for Bethesda Atoms : RHP Maks Rajnev
Pitching: RHP Byron Joe
Batting: RHB Jesús Méndez 0-0: Ball
1-0: Called Strike
1-1: Ball
2-1: Ball
3-1: Called Strike
3-2: Strikes out looking
Batting: LHB Leslie Small 0-0: Called Strike
0-1: Ball
1-1: Swinging Strike
1-2: Strikes out swinging
Batting: RHB Tom Hendrickson 0-0: Called Strike
0-1: Ball
1-1: Ball
2-1: Ground out 6-3 (Groundball, 6, EV 100.6 MPH)
Top of the 8th over - 0 runs, 0 hits, 0 errors, 0 left on base; Marquette 2 - Bethesda 1
BOTTOM OF THE 8TH
Bethesda Atoms batting - Pitching for Marquette Miners : RHP Stu Riley
Batting: RHB Jorge Gardella 0-0: Ball
1-0: Foul Ball, location: 2F
1-1: Called Strike
1-2: Strikes out looking
Batting: LHB Robby Caldwell 0-0: Ball
1-0: Ball
2-0: Swinging Strike
2-1: Ground out 4-3 (Groundball, 4S, EV 80.0 MPH)
Batting: RHB Byron Shadix 0-0: Ball
1-0: Called Strike
1-1: Foul Ball, location: 2F
1-2: SINGLE (Groundball, 5D, EV 98.1 MPH)
Pitching: RHP Javier Benavides
Batting: RHB Dana O'Quinlevan 0-0: Ball
1-0: Called Strike
1-1: Swinging Strike
1-2: Ball
2-2: Foul Ball, location: 2F
2-2: Strikes out swinging
Bottom of the 8th over - 0 runs, 1 hit, 0 errors, 1 left on base; Marquette 2 - Bethesda 1
TOP OF THE 9TH
Marquette Miners batting - Pitching for Bethesda Atoms : RHP Byron Joe
Batting: LHB Wyatt Quick 0-0: SOLO HOME RUN (Flyball, 9D, EV 101.2 MPH), Distance : 353 ft
Batting: LHB Eric Manchester 0-0: Called Strike
0-1: Swinging Strike
0-2: Fly out, F9 (Line Drive, 9D, EV 93.8 MPH)
Batting: RHB Kiril Neuvel 0-0: Swinging Strike
0-1: Ball
1-1: Called Strike
1-2: Foul Ball, location: 2F
1-2: Ball
2-2: Foul Ball, location: 2F
2-2: Fly out, F2 (Popup, 13S, EV 83.1 MPH)
Batting: RHB Martin Payton 0-0: Called Strike
0-1: Ball
1-1: Swinging Strike
1-2: Ball
2-2: Strikes out swinging
Top of the 9th over - 1 run, 1 hit, 0 errors, 0 left on base; Marquette 3 - Bethesda 1
BOTTOM OF THE 9TH
Bethesda Atoms batting - Pitching for Marquette Miners : RHP Javier Benavides
Batting: LHB Mhelter Narcida 0-0: Called Strike
0-1: Foul Ball, location: 2F
0-2: Ball
1-2: Foul Ball, location: 2F
1-2: Fly out, F9 (Flyball, 9LMF, EV 91.2 MPH)
Batting: LHB Ayub Kuthakwakulu 0-0: Ball
1-0: Ball
2-0: Ball
3-0: Called Strike
3-1: Fly out, F8 (Flyball, 8LS, EV 93.1 MPH)
Batting: RHB Juan Vázquez 0-0: Ball
1-0: Called Strike
1-1: SOLO HOME RUN (Flyball, 7D, EV 106.9 MPH), Distance : 367 ft
Batting: RHB John Lester 0-0: Ball
1-0: Ball
2-0: Called Strike
2-1: Foul Ball, location: 2F
2-2: Ball
3-2: SINGLE (Line Drive, 7S, EV 91.9 MPH)
Batting: SHB Mikk Tamm 0-0: Called Strike
0-1: Ball
1-1: DOUBLE (Line Drive, 7LS, EV 101.2 MPH)
John Lester to third
Runner from 3rd tries for Home, SAFE, no throw by LF
Batting: RHB Jorge Gardella 0-0: Swinging Strike
0-1: Fly out, F7 (Line Drive, 7D, EV 85.0 MPH)
Bottom of the 9th over - 2 runs, 3 hits, 0 errors, 1 left on base; Marquette 3 - Bethesda 3
TOP OF THE 10TH
Marquette Miners batting - Pitching for Bethesda Atoms : RHP Byron Joe
Pitching: LHP Jeffery Clayton
Batting: RHB Eduard Argelander 0-0: Called Strike
0-1: Foul Ball, location: 2F
0-2: SINGLE (Groundball, 6MD, EV 94.4 MPH)
Batting: RHB Kent Potter 0-0: Bunt missed!
0-1: Sac Bunt to 15 - play at first, batter OUT! 1-4
Eduard Argelander to second
Batting: RHB Jesús Méndez 0-0: Called Strike
0-1: Foul Ball, location: 2F
0-2: Ball
1-2: Ball
2-2: Foul Ball, location: 2F
2-2: Ball
3-2: DOUBLE (Line Drive, 89D, EV 105.0 MPH)
Eduard Argelander scores
Batting: LHB Leslie Small 0-0: Ball
1-0: Called Strike
1-1: Swinging Strike
1-2: Strikes out looking
Batting: RHB Tom Hendrickson 0-0: Called Strike
0-1: Ball
1-1: Foul Ball, location: 2F
1-2: DOUBLE (Line Drive, 9LM, EV 102.5 MPH)
Jesús Méndez scores
Batting: LHB Wyatt Quick 0-0: Fly out, F8 (Flyball, 8LM, EV 82.5 MPH)
Top of the 10th over - 2 runs, 3 hits, 0 errors, 1 left on base; Marquette 5 - Bethesda 3
BOTTOM OF THE 10TH
Bethesda Atoms batting - Pitching for Marquette Miners : RHP Javier Benavides
Pitching: RHP Carl Cooper
Batting: LHB Robby Caldwell 0-0: Ball
1-0: Swinging Strike
1-1: Ball
2-1: Called Strike
2-2: Strikes out swinging
Batting: RHB Byron Shadix 0-0: Called Strike
0-1: Ball
1-1: Ball
2-1: Foul Ball, location: 2F
2-2: Fly out, F5 (Popup, 56S, EV 80.6 MPH)
Batting: RHB Dana O'Quinlevan 0-0: Foul Ball, location: 2F
0-1: Swinging Strike
0-2: Strikes out swinging, 2-3 out at first.
Bottom of the 10th over - 0 runs, 0 hits, 0 errors, 0 left on base; Marquette 5 - Bethesda 3
Tuesday, January 5th, 2021 - OOTP Baseball 20.8 Build 74